 Dungeon Crawl Stone Soup version 0.30-a0-585-g93115170b9 (webtiles) character file.

Game seed: 12889330939579998677

753 FexLirch the Slasher (level 7, -10/75 (88) HPs)
             Began as an Armataur Reaver on Jan 2, 2023.
             Mangled by Pikel
             ... wielding a +1 whip of electrocution
              (18 damage)
             ... on level 5 of the Dungeon.
             The game lasted 00:13:47 (4492 turns).

FexLirch the Slasher (Armataur Reaver)              Turns: 4492, Time: 00:13:48

HP:   -10/75 (88)   AC: 23    Str: 17    XL:     7   Next: 49%
MP:   0/12          EV:  1    Int: 19    God:
Gold: 260           SH:  0    Dex: 11    Spells: 7/13 levels left

rFire   x . .      SeeInvis .    v - +1 sling of Indomitability {speed, rF- rN+ Int+3 Dex+3}
rCold   . . .      Faith    .    (no shield)
rNeg    + . .      Spirit   +    (body armour currently unavailable)
rPois   +          Reflect  .    (helmet currently unavailable)
rElec   .          Harm     .    (cloak currently unavailable)
rCorr   .          Roll     +    (gloves currently unavailable)
Will    .....      NoTele   +    (no barding)
Stlth   +                        o - amulet of guardian spirit
HPRegen 0.32/turn                t - ring of wizardry
MPRegen 0.13/turn                (no ring)

@: tree-form, immotile, heavily drained
A: stationary, stasis, torment immunity, boosted hp, large, rugged brown scales
3, (deformed body), (armoured tail), roll, long tongue, awkward tongue
a: no special abilities


You were on level 5 of the Dungeon.
You were a tree.
You visited 1 branch of the dungeon, and saw 5 of its levels.

You collected 260 gold pieces.

Inventory:

Hand Weapons
 a - a +0 mace
 r - a +0 rapier
 v - the +1 sling of Indomitability (weapon) {speed, rF- rN+ Int+3 Dex+3}
   (You found it on level 5 of the Dungeon)

   Attacks with this weapon are significantly faster.
   Int:       It affects your intelligence (+3).
   Dex:       It affects your dexterity (+3).
   rF:        It makes you vulnerable to fire.
   rN:        It protects you from negative energy.
Missiles
 l - 27 stones
 m - 13 poisoned darts
Armour
 b - a +0 leather armour (melded)
 d - a +0 helmet (melded)
Jewellery
 o - an amulet of guardian spirit (around neck)
 t - a ring of wizardry (left branch)
Scrolls
 c - a scroll of teleportation
 f - 2 scrolls of poison {unknown}
 g - a scroll of brand weapon {unknown}
 n - a scroll of acquirement {unknown}
 p - a scroll of amnesia {unknown}
 q - 5 scrolls of identify {unknown}
 s - 2 scrolls of vulnerability {unknown}
 u - a scroll of magic mapping {unknown}
Potions
 e - a potion of lignification
 h - a potion of curing {unknown}
 i - 2 potions of resistance {unknown}
 j - a potion of haste {unknown}
 k - a potion of invisibility {unknown}


   Skills:
 + Level 2.7 Fighting
 - Level 4.9 Long Blades
 - Level 2.6 Maces & Flails
 - Level 1.3 Dodging
 + Level 3.6 Spellcasting
 + Level 4.2 Conjurations
 + Level 1.8 Translocations


You had 7 spell levels left.
You knew the following spells:

 Your Spells              Type           Power      Damage    Failure   Level
a - Kiss of Death         Conj/Necr      44%        2d8       2%          1
b - Momentum Strike       Conj/Tloc      30%        3d8       2%          2
c - Call Canine Familiar  Summ           3%         N/A       17%         3

Your spell library contained the following spells:

 Spells                   Type           Power      Damage    Failure   Level
 Apportation              Tloc           20%        N/A       2%          1
 Hailstorm                Conj/Ice       11%        3d5       8%          3
 Ensorcelled Hibernation  Hex/Ice        6%         N/A       9%          2
 Passwall                 Tmut/Erth      2%         N/A       9%          2
 Portal Projectile        Hex/Tloc       12%        N/A       12%         3
 Kindle Blastsparks       Fire/Tloc/Air  10%        2d10      13%         3
 Ignite Poison            Fire/Tmut/Pois 3%         N/A       17%         3
 Swiftness                Air            3%         N/A       17%         3
 Leda's Liquefaction      Hex/Erth       1%         N/A       47%         4
 Freezing Cloud           Conj/Ice/Air   4%         6-21      63%         5
 Alistair's Intoxication  Tmut/Pois      2%         N/A       82%         5


Dungeon Overview and Level Annotations

Branches:
Dungeon (5/15)
 Temple: D:4-7

Altars:
Dithmenos
Ru

Shops:
D:1 (

Annotations:
D:2 exclusion: downstairs
D:3 Sigmund
D:5 Pikel


Innate Abilities, Weirdness & Mutations

You are a tree.
Your roots penetrate the ground, keeping you stationary.
You cannot be teleported.
You are immune to unholy pain and torment.
Your maximum health is greatly increased.
Your equipment is partially melded.
(You are completely covered in rugged brown scales. (AC +3, +7% HP))
((Armour fits poorly on your strangely shaped body.))
((You have a long armoured tail.))
You roll when moving toward enemies. (Rampage)
Your long tongue fully drains potion bottles. (2x potion effects)
Your tongue gives you trouble enunciating. (1.5x scroll delay)


Message History

You shoot a sling bullet. The sling bullet hits Pikel.
Pikel is heavily wounded.
The grasping roots constrict you!
Fire: v) +1 sling of Indomitability {speed, rF- rN+ Int+3 Dex+3}
Press: ? - help, Q - select action, (/) - cycle Shift-Dir - straight line, f/p - Pikel
Aim: Pikel, wielding a +1 whip of electrocution, wearing a +0 robe and carrying a wand of roots (3) (heavily wounded, 45% to hit)
You shoot a sling bullet. The sling bullet barely misses Pikel.
The sling bullet barely misses the lemure.
The grasping roots constrict you.
The grasping roots release their grip on you.
Casting: Momentum Strike (safe; 3% risk of failure)
Confirm with . or Enter, or press ? or * to list all spells.
Aiming: Kiss of Death (safe; 3% risk of failure)
Press: ? - help, Shift-Dir - straight line, f/p - Pikel
Aim: Pikel, wielding a +1 whip of electrocution, wearing a +0 robe and carrying a wand of roots (3) (heavily wounded, 100% to hit)
The negative energy hits Pikel.
Pikel is drained!
Pikel is almost dead.
You feel drained.
Pikel hits you with a +1 whip of electrocution.
You shoot a sling bullet. The sling bullet closely misses Pikel.
The sling bullet closely misses the lemure.
The sling bullet hits the lemure.
The lemure is lightly wounded.
Pikel hits you with a +1 whip of electrocution.
You are electrocuted!
* * * LOW HITPOINT WARNING * * *
Okay, then.
Unknown command.
You aren't carrying any items that you can evoke.
Unknown command.
Unknown command.
Really quaff the potion of lignification?
You slurp down every last drop of the 2 potions of lignification!
You turn into a tree.
Your +0 helmet melds into your body.
Your +0 leather armour melds into your body.
Your roots penetrate the ground.
Pikel hits you with a +1 whip of electrocution.
* * * LOW HITPOINT WARNING * * *
You are electrocuted!!
You die...

####.#.#.##.........#....##.#.
####.[########'###....##.#.
#### #.# #.......#. #.#
#.......## #.# #......##
#.####.....# #..###.....#
###########..##.^...#
#..55K♣...[..>......#
#.################### #. .K
######### .#5 .K.55..<# #.#.
######### # .. ..


You could see Pikel (drained) and 2 lemures.

Vanquished Creatures
  A water moccasin (D:5)
  A black bear (D:4)
  An ogre (D:4)
  A phantom (D:5)
  2 orc priests
  A hound (D:4)
  A jelly (D:5)
  2 orc wizards
  2 iguanas
  A gnoll (D:5)
  5 adders
  A white imp (D:5)
  3 worms
  6 dart slugs
  6 orcs
  An endoplasm (D:1)
  4 giant cockroaches
  5 goblins
  8 hobgoblins
  5 jackals
  5 kobolds
  A ball python (D:2)
  5 bats
  3 frilled lizards
  2 rats
73 creatures vanquished.

Vanquished Creatures (collateral kills)
  A hound (D:5)
  An orc (D:5)
2 creatures vanquished.

Grand Total: 75 creatures vanquished

Notes
Turn   | Place    | Note
-------+----------+-------------------------------------------
     0 | D:1      | FexLirch the Armataur Reaver began the quest for the Orb.
     0 | D:1      | Reached XP level 1. HP: 18/18 MP: 3/3
    18 | D:1      | Found Nekobo Qedyff's Weapon Emporium.
   114 | D:1      | Reached skill level 1 in Long Blades
   224 | D:1      | Reached XP level 2. HP: 22/25 MP: 4/4
   956 | D:1      | Learned a level 2 spell: Momentum Strike
  1100 | D:2      | Reached XP level 3. HP: 29/31 MP: 5/5
  1757 | D:3      | Found a faded altar of an unknown god.
  1761 | D:3      | Noticed Sigmund
  1969 | D:3      | Reached XP level 4. HP: 20/38 MP: 2/6
  2044 | D:3      | Found a sacrificial altar of Ru.
  2247 | D:3      | Reached XP level 5. HP: 43/43 MP: 4/8
  2833 | D:4      | Noticed an ogre
  2836 | D:4      | Killed an ogre
  2837 | D:4      | Reached XP level 6. HP: 33/46 MP: 3/9
  3731 | D:5      | Entered Level 5 of the Dungeon
  3731 | D:5      | Noticed Pikel
  3947 | D:5      | Found a shadowy altar of Dithmenos.
  4009 | D:5      | Noticed a water moccasin
  4016 | D:5      | Killed a water moccasin
  4017 | D:5      | Reached skill level 1 in Translocations
  4017 | D:5      | Reached XP level 7. HP: 39/55 MP: 4/12
  4167 | D:5      | Learned a level 3 spell: Call Canine Familiar
  4423 | D:5      | Identified the +1 sling of Indomitability {speed, rF- rN+
                  | Int+3 Dex+3}
  4492 | D:5      | Mangled by Pikel

Illustrated notes

Levels and vault maps discovered:
D:1:      wander_arrival_peaceful_grave, layout_loops_corners, serial_shops,
          nicolae_shop_waterfront, minivault_4, kennysheep_nondescript,
          hangedman_feature_mirror, st_stairs_7, chequers_decorated_corner
D:2:      layout_loops_cross
D:3:      layout_basic, nicolae_ru_great_annihilating_truth,
          ebering_ecumenical_altar_abandoned, uniq_sigmund, uniq_robin
D:4:      layout_layer_cave
D:5:      minmay_spotlight, layout_basic, zin_academy, grunt_dithmenos_smoke,
          uniq_pikel

Skill      XL: |  1  2  3  4  5  6 |
---------------+-------------------+-----
Long Blades    | 1 2 3 4 |  4.9
Spellcasting   | 2 3 |  3.6
Conjurations   | 3 4 |  4.2
Fighting       | 2 |  2.7
Translocations | 1 |  1.8
Maces & Flails | |  2.6
Dodging        | |  1.3

Action                   |  1- 3 |  4- 6 |  7- 9 || total
-------------------------+-------+-------+-------++-------
Melee: Mace              |   118 |   125 |    21 ||   264
       Tailslap          |     8 |     3 |     1 ||    12
       Punch             |     1 |     1 |       ||     2
 Fire: Sling             |       |       |     9 ||     9
Throw: Dart              |       |     6 |     1 ||     7
       Boomerang         |       |     1 |       ||     1
 Cast: Momentum Strike   |       |    13 |    10 ||    23
       Kiss of Death     |       |     4 |     1 ||     5
       Call Canine Famil |       |       |     1 ||     1
  Use: Potion            |       |     1 |     1 ||     2
       Scroll            |       |     1 |       ||     1
Armor: Leather armour    |    57 |    56 |     8 ||   121
       Skin              |       |     3 |       ||     3
Dodge: Dodged            |    57 |    53 |    19 ||   129

Table legend: (Time is in decaauts)
 A = Elapsed time spent in this place.
 B = Non-inter-level travel time spent in this place.
 C = Inter-level travel time spent in this place.
 D = Time resting spent in this place.
 E = Time spent auto-exploring this place.
 F = Levels seen in this place.
 G = Mean time per level.
                   A        B        C        D        E       F      G
               +--------+--------+--------+--------+--------+-----+--------+
         Total |   4562 |   4380 |    182 |    835 |   2589 |   5 |  912.4 |
       Dungeon |   4562 |   4380 |    182 |    835 |   2589 |   5 |  912.4 |
               +--------+--------+--------+--------+--------+-----+--------+

Top non-repeatable levels by time:
     D:4: 1528 daAuts
     D:1: 1079 daAuts
     D:2: 788 daAuts
     D:5: 725 daAuts
     D:3: 439 daAuts
